 Dungeon Crawl Stone Soup version 0.30-a0-799-g109b55a442 (webtiles) character file.

Game seed: 18436235068537657767

19422 Pimp the Fighter (level 12, -1/115 HPs)
             Began as a Grey Draconian Berserker on Feb 21, 2023.
             Was a High Priest of Trog.
             Slain by a +2 long sword (6 damage)
             ... on level 14 of the Dungeon.
             The game lasted 00:23:42 (10705 turns).

Pimp the Fighter (Grey Draconian Berserker)        Turns: 10705, Time: 00:23:43

Health: -1/115     AC: 18    Str: 20    XL:     12   Next: 36%
Magic:  12/12      EV: 23    Int:  8    God:    Trog [*****.]
Gold:   750        SH:  0    Dex: 15    Spells: 11/11 levels left

rFire   . . .      SeeInvis +    D - +3 broad axe (freeze)
rCold   . . .      Faith    .    (no shield)
rNeg    . . .      Spirit   .    (body armour unavailable)
rPois   .          Reflect  .    (helmet restricted)
rElec   .          Harm     .    c - scarf {repulsion}
rCorr   .          Rampage  .    o - +1 Delatra's gloves {ID++}
Will    .....                    n - +2 pair of boots
Stlth   ++                       x - amulet of regeneration
HPRegen 1.19/turn                v - ring of see invisible
MPRegen 0.13/turn                s - +5 ring of evasion

@: repel missiles
A: AC +13, amphibious, unfitting armour, cold-blooded, antennae 1, camouflage 1,
deterioration 1
a: Renounce Religion, Berserk, Trog's Hand, Brothers in Arms


You were on level 14 of the Dungeon.
You worshipped Trog.
Trog was extremely pleased with you.
You visited 1 branch of the dungeon, and saw 14 of its levels.
You also visited: Sewer.

You collected 750 gold pieces.

Inventory:

Hand Weapons
 b - a +3 hand axe of electrocution
 f - a +0 war axe
 C - a +0 vampiric hand axe
 D - a +3 broad axe of freezing (weapon)
 J - a +1 dagger
 L - the +4 spear "Nubloin" {freeze, rPois rCorr Dex+3}
   (You found it on level 12 of the Dungeon)

   Dex:       It affects your dexterity (+3).
   rPois:     It protects you from poison.
   rCorr:     It protects you from acid and corrosion.
Missiles
 h - 3 throwing nets (quivered)
Armour
 c - a scarf of repulsion (worn)
 n - a +2 pair of boots (worn)
 o - the +1 Delatra's gloves (worn) {ID++}
   (You found it on level 2 of the Dungeon)

   ID++:      It heals its wearer when they drink unknown potions, and restores
   their MP when they read unknown scrolls.
Jewellery
 d - a ring of positive energy
 g - a ring of flight
 s - a +5 ring of evasion (right hand)
 v - a ring of see invisible (left hand)
 x - an amulet of regeneration (around neck)
 H - a ring of fire
 I - a ring of positive energy
Wands
 y - a wand of flame (15)
 E - a wand of paralysis (5)
 G - a wand of quicksilver (6)
Scrolls
 j - 9 scrolls of identify
 k - 3 scrolls of amnesia
 l - 2 scrolls of immolation
 p - 2 scrolls of poison
 q - 5 scrolls of teleportation
 r - 3 scrolls of blinking
 w - 3 scrolls of fog
 z - 2 scrolls of enchant armour
Potions
 a - 4 potions of resistance
 e - a potion of magic
 i - 7 potions of heal wounds
 m - 5 potions of curing
 t - a potion of brilliance {unknown}
 u - 2 potions of haste
 A - 3 potions of degeneration {unknown}
 F - 2 potions of cancellation {unknown}
 K - 2 potions of might {unknown}
Miscellaneous
 M - a piece from Xom's chessboard (15/15)


   Skills:
 + Level 13.4 Fighting
 + Level 12.3 Axes
 + Level 11.4 Dodging


You had 11 spell levels left.
You didn't know any spells.
Your spell library was empty.

Dungeon Overview and Level Annotations

Branches:
Dungeon (14/15)            Temple (0/1) D:7            Lair (0/5) D:8
    Orc (0/2) D:10          Sewer (visited)
 Vaults: D:13-14

Altars:
Ashenzari
Dithmenos
Fedhas
Kikubaaqudgha
Qazlal
Sif Muna
Uskayaw
Vehumet
Wu Jian
Yredelemnul


Innate Abilities, Weirdness & Mutations

Your dull iron-grey scales are very hard. (AC +13)
You are amphibious.
You cannot fit into any form of body armour.
You are cold-blooded and may be slowed by cold attacks.
You have a pair of small antennae on your head.
Your skin changes colour to match your surroundings (Stealth+).
Your body sometimes deteriorates upon taking damage.


Message History

You freeze the vampire mosquito.
The vampire mosquito bites you but does no damage.
The +4 long sword closely misses you.
The vampire mosquito closely misses you.
Unknown command.
You hit the basilisk. You freeze the basilisk.
You kill the basilisk!
Trog accepts your kill.
You hit the +4 long sword. You miss the vampire mosquito.
The +4 long sword hits you.
The vampire mosquito bites you but does no damage.
The +4 long sword hits you. The +2 long sword misses you.
You hit the +2 long sword.
The +2 long sword is moderately damaged.
You barely miss the +4 long sword. You barely miss the vampire mosquito.
The vampire mosquito closely misses you.
The vampire mosquito misses you.
The +4 long sword hits you but does no damage.
The +2 long sword barely misses you.
You slash the +2 long sword!
The +2 long sword is heavily damaged.
You slash the +4 long sword! You freeze the +4 long sword.
You barely miss the vampire mosquito.
The vampire mosquito completely misses you.
The +4 long sword misses you. The +2 long sword hits you!
The vampire mosquito misses you. The +2 long sword hits you!!
* * * LOW HITPOINT WARNING * * *
The +4 long sword hits you!
* * * LOW HITPOINT WARNING * * *
You slash the vampire mosquito! You freeze the vampire mosquito.
You destroy the vampire mosquito!
Trog accepts your kill.
You miss the +2 long sword. You hit the +4 long sword.
The +4 long sword closely misses you. The +2 long sword misses you.
The +4 long sword hits you!
* * * LOW HITPOINT WARNING * * *
The +2 long sword hits you!
* * * LOW HITPOINT WARNING * * *
The +2 long sword hits you.
You die...

......................
.######'##############
#..................
#..................
#................#
#...#######..#####
..... #../.## ....
#†(#..#### ....
#(@....... #.........
...........
.............
..........#.#!.
#####....##.# . #..../
# #....#


You could see 2 dancing weapons.

Vanquished Creatures
  A hydra (D:13)
  3 boulder beetles
  A two-headed ogre (D:12)
  3 skeletal warriors (D:10)
  Pikel (D:7)
  A deep elf pyromancer (D:12)
  2 manticores (D:12)
  An unseen horror (D:11)
  Maggie (D:8)
  A komodo dragon (D:7)
  Psyche (D:10)
  Grinder (D:3)
  Prince Ribbit (D:9)
  A hornet (D:10)
  3 trolls
  2 vampires
  6 slime creatures
  A shadow (D:11)
  10 yaks
  Sigmund (D:3)
  2 wraiths
  5 wyverns
  2 basilisks
  Edmund (D:6)
  3 steam dragons
  14 vampire mosquitoes
  A water moccasin (D:6)
  An acid dragon (D:10)
  Duvessa (D:4)
  2 ice beasts
  4 orc warriors
  A sky beast (D:8)
  3 black bears
  An ogre (D:5)
  3 centaurs
  2 phantoms
  4 kobold brigands
  2 bullfrogs (D:7)
  3 gnoll sergeants (D:8)
  10 scorpions
  A necrophage (D:5)
  Dowan (D:4)
  5 killer bees (D:7)
  4 hounds
  7 orc priests
  A jelly (D:6)
  Jessica (D:3)
  A gnoll bouda (D:5)
  4 iguanas
  9 orc wizards
  23 gnolls
  4 river rats (Sewer)
  10 adders
  3 shadow imps
  A white imp (D:6)
  An ufetubus (D:5)
  A worm (D:2)
  A dart slug (D:3)
  34 orcs
  6 ball pythons
  9 bats
  8 endoplasms
  6 giant cockroaches
  13 goblins
  9 hobgoblins
  3 jackals
  18 kobolds
  9 quokkas
  8 frilled lizards
  5 rats
313 creatures vanquished.

Vanquished Creatures (others)
  7 fungi (D:8)
  16 plants
23 creatures vanquished.

Grand Total: 336 creatures vanquished

Notes
Turn   | Place    | Note
-------+----------+-------------------------------------------
     0 | D:1      | Pimp the Draconian Berserker began the quest for the Orb.
     0 | D:1      | Reached XP level 1. HP: 19/19 MP: 1/1
    28 | D:1      | Reached XP level 2. HP: 24/26 MP: 2/2
   241 | D:1      | Found a faded altar of an unknown god.
   447 | D:1      | Reached ** piety under Trog
   627 | D:2      | Reached XP level 3. HP: 33/33 MP: 3/3
   803 | D:2      | Reached skill level 4 in Fighting
   921 | D:2      | Reached XP level 4. HP: 37/40 MP: 4/4
   925 | D:2      | Found the +1 Delatra's gloves {ID++}
  1362 | D:3      | Noticed Sigmund
  1370 | D:3      | Killed Sigmund
  1371 | D:3      | Reached skill level 5 in Fighting
  1371 | D:3      | Reached XP level 5. HP: 48/48 MP: 5/5
  1468 | D:3      | Noticed Jessica
  1475 | D:3      | Killed Jessica
  1476 | D:3      | Reached XP level 6. HP: 45/56 MP: 6/6
  1712 | D:3      | Noticed Grinder
  1716 | D:3      | Paralysed by Grinder for 3 turns
  1724 | D:3      | Killed Grinder
  1725 | D:3      | Reached skill level 5 in Axes
  1727 | D:3      | Noticed an ice beast
  1748 | D:3      | Killed an ice beast
  1748 | D:3      | Reached *** piety under Trog
  1749 | D:3      | Your scales start taking on a dull iron-grey colour.
  1749 | D:3      | Reached XP level 7. HP: 45/62 MP: 7/7
  2198 | D:4      | Reached skill level 6 in Fighting
  2198 | D:4      | Reached skill level 5 in Dodging
  2453 | D:4      | Noticed Dowan
  2454 | D:4      | Noticed Duvessa
  2480 | D:4      | Killed Duvessa
  2487 | D:4      | Killed Dowan
  2748 | D:5      | Entered Level 5 of the Dungeon
  2777 | D:5      | Found a broken altar of Ashenzari.
  2777 | D:5      | Found a hide-covered altar of Uskayaw.
  2802 | D:5      | Reached XP level 8. HP: 71/71 MP: 8/8
  2985 | D:5      | Reached skill level 7 in Fighting
  3214 | D:5      | Found a basalt altar of Yredelemnul.
  3215 | D:5      | Found a blossoming altar of Fedhas.
  3216 | D:5      | Found a shadowy altar of Dithmenos.
  3698 | D:6      | Reached **** piety under Trog
  3752 | D:6      | Reached skill level 8 in Fighting
  3786 | D:6      | Noticed Edmund
  3796 | D:6      | Killed Edmund
  3797 | D:6      | Reached XP level 9. HP: 74/81 MP: 9/9
  3807 | D:6      | Found a stormy altar of Qazlal.
  4116 | D:6      | Found a glowing drain.
  4131 | Sewer    | Entered a sewer
  4710 | D:6      | Found a shimmering blue altar of Sif Muna.
  5071 | D:7      | Noticed Pikel
  5086 | D:7      | Reached skill level 9 in Fighting
  5097 | D:7      | Killed Pikel
  5112 | D:7      | Noticed a komodo dragon
  5130 | D:7      | Killed a komodo dragon
  5131 | D:7      | Reached XP level 10. HP: 72/93 MP: 10/10
  5159 | D:7      | Reached ***** piety under Trog
  5439 | D:7      | Gained mutation: You occasionally lose the ability to read
                  | scrolls when taking damage. [potion of mutation]
  5439 | D:7      | Gained mutation: Your body sometimes deteriorates upon
                  | taking damage. [potion of mutation]
  5439 | D:7      | Gained mutation: You are agile. (Dex +4, Str/Int -1)
                  | [potion of mutation]
  5439 | D:7      | Gained mutation: You are very agile. (Dex +8, Str/Int -2)
                  | [potion of mutation]
  5440 | D:7      | Lost mutation: You occasionally lose the ability to read
                  | scrolls when taking damage. [potion of mutation]
  5440 | D:7      | Lost mutation: Your body sometimes deteriorates upon taking
                  | damage. [potion of mutation]
  5440 | D:7      | Lost mutation: You are very agile. (Dex +8, Str/Int -2)
                  | [potion of mutation]
  5440 | D:7      | Gained mutation: You expend magic power (3 MP) to
                  | strengthen your wands. [potion of mutation]
  5440 | D:7      | Gained mutation: Your tail ends in a venomous barb. [potion
                  | of mutation]
  5440 | D:7      | Gained mutation: You are dopey. (Int -2) [potion of
                  | mutation]
  5440 | D:7      | Gained mutation: Your skin changes colour to match your
                  | surroundings (Stealth+). [potion of mutation]
  5486 | D:7      | Found a staircase to the Ecumenical Temple.
  5740 | D:7      | Found an ornate altar of the Wu Jian Council.
  5950 | D:8      | Reached skill level 10 in Fighting
  5969 | D:8      | Found an ancient bone altar of Kikubaaqudgha.
  6402 | D:8      | Found a staircase to the Lair.
  6549 | D:8      | Noticed Maggie
  6561 | D:8      | Killed Maggie
  6717 | D:8      | Reached skill level 10 in Axes
  6737 | D:8      | Found the +11 Singing Sword {sonic wave}
  6995 | D:9      | Noticed Prince Ribbit
  7006 | D:9      | Killed Prince Ribbit
  7007 | D:9      | Reached skill level 11 in Fighting
  7656 | D:10     | Entered Level 10 of the Dungeon
  7865 | D:10     | Reached XP level 11. HP: 93/102 MP: 11/11
  7919 | D:10     | Found a radiant altar of Vehumet.
  8163 | D:10     | Identified the +1 pair of boots of Uschom {-Cast Str-2
                  | Dex+9 SInv}
  8259 | D:10     | Noticed Psyche
  8272 | D:10     | Killed Psyche
  8273 | D:10     | Found a staircase to the Orcish Mines.
  8387 | D:10     | Reached skill level 10 in Dodging
  8419 | D:11     | Noticed a skeletal warrior
  8800 | D:11     | Noticed a skeletal warrior
  8823 | D:10     | Killed a skeletal warrior
  8824 | D:10     | Reached skill level 12 in Fighting
  8864 | D:10     | Killed a skeletal warrior
  8882 | D:11     | Noticed a skeletal warrior
  8911 | D:10     | Killed a skeletal warrior
  9070 | D:11     | Noticed a boulder beetle
  9149 | D:11     | Killed a boulder beetle
  9688 | D:12     | Noticed a boulder beetle
  9703 | D:12     | Lost mutation: You are agile. (Dex +4, Str/Int -1) [potion
                  | of mutation]
  9703 | D:12     | Lost mutation: Your tail ends in a venomous barb. [potion
                  | of mutation]
  9703 | D:12     | Lost mutation: You are dopey. (Int -2) [potion of mutation]
  9703 | D:12     | Gained mutation: Your body sometimes deteriorates upon
                  | taking damage. [potion of mutation]
  9703 | D:12     | Lost mutation: You expend magic power (3 MP) to strengthen
                  | your wands. [potion of mutation]
  9703 | D:12     | Gained mutation: You have a pair of small antennae on your
                  | head. [potion of mutation]
  9725 | D:12     | Killed a boulder beetle
  9824 | D:12     | Reached XP level 12. HP: 90/113 MP: 12/12
  9832 | D:12     | Received a gift from Trog
  9932 | D:12     | Noticed a two-headed ogre
  9941 | D:12     | Killed a two-headed ogre
  9942 | D:12     | Reached skill level 13 in Fighting
  9965 | D:12     | Identified the +4 spear "Nubloin" {freeze, rPois rCorr
                  | Dex+3}
 10364 | D:13     | Noticed a boulder beetle
 10379 | D:13     | Killed a boulder beetle
 10440 | D:13     | Noticed an eight-headed hydra
 10451 | D:13     | Killed an eight-headed hydra
 10705 | D:14     | HP: 5/115 [+2 long sword (8)]
 10705 | D:14     | Slain by a +2 long sword

Illustrated notes

Levels and vault maps discovered:
D:1:      dpeg_arrival_tiny_a, layout_rooms,
          dreamdust_ecumenical_altar_hidden_monk_grotto,
          chequers_serial_rivers_large_a, minmay_small_reverse_x
D:2:      layout_basic, minmay_statues_item, pf_guarded_unrand_delatra
D:3:      minmay_general_purpose_star, layout_basic, dreamdust_princess_bridge,
          uniq_grinder, uniq_sigmund, uniq_jessica
D:4:      layout_rooms, kennysheep_another_room, kennysheep_potato, uniq_duvessa
D:5:      layout_loops_corners, grunt_temple_overflow_open,
          gammafunk_temple_overflow_forgotten
D:6:      layout_loops_ring, kennysheep_little_box, kennysheep_mini_moat,
          portal_sewer_entry_f, grunt_ministairs_13, dreamdust_wishing_well,
          uniq_edmund
D:7:      layout_loops_ring, lemuel_coloured_pillars_altar,
          minmay_temple_entry_offerings, uniq_pikel
D:8:      old_forge, layout_basic, nicolae_overflow_hidden_temple,
          david_lair_generic, kennysheep_small_spiral, uniq_maggie
D:9:      layout_loops_ring, uniq_prince_ribbit1
D:10:     layout_long_grid, mainiacjoe_overflow_alcove_2,
          minmay_orc_entry_temple_small, dk_rats_in_the_wall, uniq_psyche
D:11:     layout_cave_pods
D:12:     layout_gridville
D:13:     layout_loops_cross, gauntlet_entry_generic
D:14:     layout_irregular_city, erik_vaults_1, uniq_kirke

Skill      XL: |  1  2  3  4  5  6  7  8  9 10 11 12 |
---------------+-------------------------------------+-----
Dodging        | 3 4 5 6 8 9 10 11 | 11.4
Fighting       | 4 5 6 8 9 11 12 13 | 13.4
Axes           | 4 5 6 7 8 10 11 12 | 12.3

Action                     |  1- 3 |  4- 6 |  7- 9 | 10-12 || total
---------------------------+-------+-------+-------+-------++-------
  Melee: Hand axe          |    77 |    56 |   380 |   344 ||   857
         Tailslap          |     3 |     7 |    54 |   100 ||   164
         Punch             |     2 |     2 |     6 |    12 ||    22
         Broad axe         |       |       |       |   250 ||   250
         Spear             |       |       |       |     9 ||     9
  Throw: Throwing net      |       |       |       |     2 ||     2
 Invoke: Berserk           |     1 |     2 |     2 |     2 ||     7
    Use: Scroll            |       |     1 |    13 |     4 ||    18
         Potion            |       |     1 |     8 |     3 ||    12
   Stab: Sleeping          |       |       |     1 |     6 ||     7
 Armour: Skin              |    32 |    37 |   122 |   173 ||   364
  Dodge: Dodged            |    66 |    29 |   367 |   669 ||  1131
         Repelled          |       |       |     1 |     6 ||     7

Table legend: (Time is in decaauts)
 A = Elapsed time spent in this place.
 B = Non-inter-level travel time spent in this place.
 C = Inter-level travel time spent in this place.
 D = Time resting spent in this place.
 E = Time spent auto-exploring this place.
 F = Levels seen in this place.
 G = Mean time per level.
                   A        B        C        D        E       F      G
               +--------+--------+--------+--------+--------+-----+--------+
         Total |  10720 |  10325 |    395 |    925 |   6870 |  15 |  714.7 |
       Dungeon |  10255 |   9860 |    395 |    925 |   6551 |  14 |  732.5 |
         Sewer |    464 |    464 |      0 |      0 |    319 |   1 |  464.0 |
               +--------+--------+--------+--------+--------+-----+--------+

Top non-repeatable levels by time:
    D:11: 1107 daAuts
     D:8: 1036 daAuts
     D:5: 928 daAuts
     D:7: 891 daAuts
     D:6: 881 daAuts
    D:10: 851 daAuts
     D:2: 808 daAuts
     D:3: 771 daAuts
    D:12: 708 daAuts
     D:9: 664 daAuts
     D:4: 645 daAuts
     D:1: 584 daAuts
   Sewer: 464 daAuts
    D:14: 190 daAuts
    D:13: 187 daAuts
